 Dungeon Crawl Stone Soup version 0.25-a0-939-g1e880d33e3 (webtiles) character file.

Game seed: 13738291283940144658, levelgen mode: deterministic

1877 Morrissey the Cudgeler (level 8, -2/77 (80) HPs)
             Began as a Troll Berserker on May 5, 2020.
             Was an Elder of Trog.
             Slain by a gnoll
             ... wielding a +0 halberd
              (11 damage)
             ... on level 6 of the Dungeon.
             The game lasted 00:11:35 (3851 turns).

Morrissey the Cudgeler (Troll Berserker)            Turns: 3851, Time: 00:11:35

HP:   -2/77 (80)    AC:  6    Str: 26    XL:     8   Next: 91%
MP:   7/7           EV: 12    Int:  3    God:    Trog [****..]
Gold: 258           SH:  0    Dex: 11    Spells: 7/7 levels left

rFire    . . .     SeeInvis .   a - +2 flail (holy)
rCold    . . .     Gourm    +   (no shield)
rNeg     . . .     Faith    .   p - +0 animal skin
rPois    .         Spirit   .   (helmet restricted)
rElec    .         Reflect  .   (no cloak)
rCorr    .         Harm     .   (gloves unavailable)
MR       .....                  (boots unavailable)
Stlth    +.........             (no amulet)
HPRegen  0.62/turn              r - -3 ring of slaying (curse)
MPRegen  0.10/turn              (no ring)

@: marked, berserk cooldown, slowed, very slow
A: large, unfitting armour, claws 3, fast metabolism 3, gourmand, regeneration
1, shaggy fur 1, tough skin 3
a: Berserk, Trog's Hand, Brothers in Arms, Renounce Religion


You were on level 6 of the Dungeon.
You worshipped Trog.
Trog was greatly pleased with you.
You were not hungry.

You visited 1 branch of the dungeon, and saw 6 of its levels.
You also visited: Ossuary.

You collected 258 gold pieces.

Inventory:

Hand Weapons
 a - a +2 flail of holy wrath (weapon)
 g - a +0 giant club
Armour
 p - a +0 animal skin (worn)
Jewellery
 r - a cursed -3 ring of slaying (left claw)
Wands
 s - a wand of enslavement (8)
 u - a wand of iceblast (13)
Scrolls
 c - 7 scrolls of identify {unknown}
 d - 3 scrolls of fear {unknown}
 e - 2 scrolls of random uselessness {unknown}
 h - a scroll of enchant weapon {unknown}
 j - a scroll of blinking {unknown}
 l - 5 scrolls of remove curse {unknown}
 m - 2 scrolls of enchant armour {unknown}
 o - 4 scrolls of teleportation {unknown}
 t - 2 scrolls of magic mapping {unknown}
 x - a scroll of amnesia {unknown}
Potions
 f - a potion of mutation {unknown}
 i - 2 potions of brilliance {unknown}
 k - 3 potions of magic {unknown}
 n - 5 potions of curing {unknown}
 q - 3 potions of heal wounds {unknown}
 v - 2 potions of resistance {unknown}
 w - 2 potions of flight {unknown}
 z - a potion of lignification {unknown}
Comestibles
 b - 9 rations


   Skills:
 + Level 5.3 Fighting
 * Level 6.3 Maces & Flails
 + Level 5.4 Dodging
 - Level 5.1 Unarmed Combat


You had 7 spell levels left.
You didn't know any spells.
Your spell library was empty.

Dungeon Overview and Level Annotations

Branches:
Dungeon (6/15)            Ossuary (visited)
 Temple: D:4-7

Altars:
Cheibriados
Trog
Xom
The Shining One

Shops:
D:5 :


Innate Abilities, Weirdness & Mutations

You are too large for most types of armour.
You have claws for hands.
Your metabolism is lightning-fast.
You like to eat raw meat.
Your natural rate of healing is unusually fast.
You are covered in fur. (AC +1)
You have extremely tough skin. (AC +3)


Message History

You are no longer berserk.
You are exhausted.
You feel yourself slow down. The ooze hits you.
* * * LOW HITPOINT WARNING * * *
The gnoll barely misses you.
You sock the hippogriff!
You kill the hippogriff!
Trog accepts your kill.
The orc wizard gestures wildly while chanting.
The orc wizard seems to speed up.
The ooze hits you but does no damage. The gnoll misses you.
The orc wizard gestures wildly while chanting.
The orc wizard flickers and vanishes!
Deactivating autopickup; reactivate with Ctrl-A.
The ooze hits you.
* * * LOW HITPOINT WARNING * * *
The quokka misses you.
You closely miss the quokka.
The gnoll hits you from afar with a +0 halberd!
You die...

...... # ##..gg
.. .....o ..
#.#..##.#
#.#.....#
#.##.##.###.#
#g.†........# #
#J###o#######.#
#)@rl{l.)))...#
######Z####.....#
#..# #.###.# ##.#
#.# # c# #.. ..
### #.# ..


You could see an iguana, an orc priest, a gnoll, an ooze, a leopard gecko
zombie, a leopard gecko and a quokka.

Vanquished Creatures
  A hippogriff (D:6)
  Duvessa (D:6)
  An ice beast (D:3)
  An orc warrior (D:6)
  A sky beast (D:5)
  A necrophage (D:5)
  An ogre (D:5)
  2 centaurs
  A scorpion (D:6)
  Dowan (D:6)
  A howler monkey (D:5)
  4 crimson imps
  A human zombie (D:5)
  2 jellies
  3 hounds
  2 orc priests
  A bullfrog skeleton (D:6)
  2 orc wizards
  An iguana (D:5)
  3 human skeletons (D:5)
  A worker ant (D:4)
  A hound zombie (D:5)
  3 mummies (Ossuary)
  2 gnolls
  5 adders
  2 adder zombies (Ossuary)
  6 worms
  A dart slug (D:2)
  23 orcs
  A ball python (D:3)
  5 giant cockroaches
  6 goblins
  7 hobgoblins
  9 jackals
  4 quokkas
  7 bats
  7 frilled lizards
  A gnoll zombie (Ossuary)
  2 goblin zombies (Ossuary)
  2 hobgoblin zombies (Ossuary)
  8 kobolds
  4 kobold zombies (Ossuary)
  A leopard gecko zombie (D:5)
  An orc skeleton (D:5)
  3 orc zombies
  A quokka zombie (Ossuary)
  7 rats
  4 rat zombies (Ossuary)
155 creatures vanquished.

Notes
Turn   | Place    | Note
-------+----------+-------------------------------------------
     0 | D:1      | Morrissey the Troll Berserker began the quest for the Orb.
     0 | D:1      | Reached XP level 1. HP: 22/22 MP: 0/0
   100 | D:1      | Reached XP level 2. HP: 25/29 MP: 1/1
   242 | D:1      | Reached ** piety under Trog
   483 | D:2      | Reached XP level 3. HP: 36/36 MP: 2/2
   609 | D:2      | Reached XP level 4. HP: 35/44 MP: 3/3
   991 | D:3      | Noticed an ice beast
   997 | D:3      | Reached *** piety under Trog
  1008 | D:3      | Killed an ice beast
  1008 | D:3      | Reached skill level 5 in Unarmed Combat
  1008 | D:3      | Reached XP level 5. HP: 18/53 MP: 4/4
  1091 | D:3      | Found a snail-covered altar of Cheibriados.
  1693 | D:3      | Reached XP level 6. HP: 56/61 MP: 5/5
  1748 | D:3      | Found a bloodstained altar of Trog.
  1781 | D:3      | Found a shimmering altar of Xom.
  1811 | D:3      | Reached skill level 1 in Maces & Flails
  2019 | D:4      | Reached skill level 2 in Maces & Flails
  2054 | D:4      | HP: 3/93 [hound (2)]
  2250 | D:4      | Found a glowing golden altar of the Shining One.
  2279 | D:4      | Reached XP level 7. HP: 68/68 MP: 6/6
  2622 | D:5      | Entered Level 5 of the Dungeon
  2639 | D:5      | Reached skill level 3 in Maces & Flails
  2661 | D:5      | Found a shimmering altar of Xom.
  2714 | D:5      | Reached **** piety under Trog
  2902 | D:5      | Found a sand-covered staircase.
  2913 | Ossuary  | Entered an ossuary
  3011 | Ossuary  | Reached skill level 4 in Maces & Flails
  3211 | D:5      | Reached XP level 8. HP: 59/76 MP: 7/7
  3345 | D:5      | Found Mexonn's Book Shop.
  3712 | D:6      | Noticed Dowan
  3727 | D:6      | Killed Dowan
  3727 | D:6      | Reached skill level 5 in Maces & Flails
  3736 | D:6      | Noticed Duvessa
  3752 | D:6      | Killed Duvessa
  3752 | D:6      | Reached skill level 5 in Dodging
  3822 | D:6      | Reached skill level 5 in Fighting
  3834 | D:6      | Noticed a hippogriff
  3845 | D:6      | Reached skill level 6 in Maces & Flails
  3850 | D:6      | Killed a hippogriff
  3851 | D:6      | Slain by a gnoll

Levels and vault maps discovered:
D:1:      dpeg_arrival_tiny_i, layout_rooms
D:2:      layout_rooms, corexii_shack, minmay_heptomino_l4
D:3:      layout_basic, lemuel_round_altar, marbit_many_paths,
          roderic_lattice_a, minmay_misc_feat_secret_circle, led_xom_imps
D:4:      layout_basic, tso_oasis_becter, first_ration
D:5:      layout_basic, old_standard_altar, serial_shops, nicolae_shop_crystal,
          nicolae_ossuary_entry_catacombs
D:6:      layout_basic, grunt_qazlal_clouds, minmay_divided_ellipse,
          uniq_duvessa

Skill      XL: |  1  2  3  4  5  6  7  8 |
---------------+-------------------------+-----
Unarmed Combat | 4 5 |  5.1
Dodging        | 3 4 5 |  5.4
Fighting       | 3 4 5 |  5.3
Maces & Flails | 2 4 6 |  6.3

Action                   |  1- 3 |  4- 6 |  7- 9 || total
-------------------------+-------+-------+-------++-------
Melee: Unarmed           |    80 |    62 |       ||   142
       Punch             |     1 |       |     9 ||    10
       Flail             |       |   116 |   244 ||   360
Invok: Berserk           |     1 |     4 |     6 ||    11
 Stab: Sleeping          |       |     1 |     1 ||     2
  Eat: Chunk             |    12 |    17 |    17 ||    46
Armor: Animal skin       |    43 |    76 |    81 ||   200
Dodge: Dodged            |    62 |   146 |   162 ||   370

Table legend:
 A = Non-vault XP
 B = Vault XP
 C = Vault XP percentage of total XP
 D = Non-vault monster count
 E = Vault monster count
 F = Vault count percentage of total count
                 A         B        C        D         E       F
            +---------+---------+-------+---------+---------+-------
      Total |    2062 |     620 |  23.1 |     118 |      37 |  23.9
            +---------+---------+-------+---------+---------+-------
        D:1 |      35 |       0 |   0.0 |      25 |       0 |   0.0
        D:2 |      82 |      20 |  19.6 |      23 |       4 |  14.8
        D:3 |     252 |     145 |  36.5 |      24 |       4 |  14.3
        D:4 |     239 |       0 |   0.0 |      19 |       0 |   0.0
        D:5 |     765 |     154 |  16.8 |      18 |       6 |  25.0
        D:6 |     689 |     222 |  24.4 |       9 |       2 |  18.2
    Ossuary |       0 |      79 | 100.0 |       0 |      21 | 100.0
            +---------+---------+-------+---------+---------+-------
